Map: Kairos Junction LE

Players

Goma - Winner!

  • Race: Terran Terran
  • League: Master
  • Spawn Location: 5:00

Mez

  • Race: Terran Terran
  • League: Master
  • Spawn Location: 11:00

VOD

Have the link to the VOD?

Description

Time

  • Played on: Aug. 11, 2019, 2:20 p.m.
  • Length: 21:26
Show
View Real Time Build Order
Export as new Build Order

Goma Terran - Winner!

Build Orders: Reaper Expand 

Get SALT Encoding   

  12  0:00  SCV  
  13  0:13  SCV  
  14  0:17  Supply Depot  
  14  0:25  SCV  
  15  0:38  SCV  
  15  0:40  Barracks  
  16  0:44  Refinery  
  16  0:50  SCV  
  17  1:02  SCV  
  18  1:14  SCV  
  19  1:28  Reaper  
  19  1:30  Orbital Command  
  20  1:42  Command Center  
  20  1:51  Supply Depot  
  20  1:56  SCV  
  20  2:00  Marine  
  22  2:06  Bunker  
  22  2:10  SCV  
  23  2:17  Factory  
  23  2:22  SCV  
  24  2:23  Barracks Reactor  
  24  2:29  Refinery  
  24  2:34  SCV  
  25  2:46  SCV  
  26  2:53  Orbital Command  
  26  2:58  SCV  
  26  3:00  Marine x2  
  26  3:02  Hellion  
  26  3:04  Starport  
  31  3:16  SCV  
  32  3:20  SCV  
  32  3:21  Marine  
  32  3:22  Marine  
  32  3:24  Factory Tech Lab  
  34  3:28  SCV  
  34  3:32  SCV  
  36  3:38  Refinery, Supply Depot  
  36  3:40  SCV  
  37  3:41  Marine  
  37  3:42  Marine  
  37  3:44  SCV, Starport Tech Lab  
  40  3:52  Cyclone, SCV  
  44  3:56  SCV  
  44  4:00  Marine x2  
  47  4:04  SCV  
  47  4:06  Raven  
  47  4:08  SCV  
  51  4:16  SCV  
  52  4:18  Marine x2  
  54  4:30  Supply Depot  
  54  4:32  Supply Depot  
  54  4:39  Marine  
  54  4:51  Cyclone, Raven, SCV x2, Marine  
  62  4:57  Supply Depot  
  62  4:59  Command Center  
  62  5:00  Supply Depot  
  62  5:01  Marine  
  62  5:04  SCV x2  
  65  5:16  Marine  
  65  5:18  Marine  
  67  5:24  Siege Tank  
  67  5:33  SCV  
  63  5:38  SCV, Marine x2  
  59  5:47  SCV  
  57  5:50  Raven, SCV  
  60  5:57  Marine  
  60  5:58  Siege Tank, Marine  
  60  5:59  SCV, Barracks x2  
  60  6:03  SCV  
  67  6:11  SCV  
  67  6:13  Engineering Bay, Orbital Command  
  67  6:15  Engineering Bay, SCV  
  69  6:23  SCV  
  70  6:27  SCV  
  73  6:33  Siege Tank  
  73  6:36  SCV  
  73  6:39  SCV  
  76  6:45  Viking x2  
  77  6:47  Barracks Reactor x2  
  77  6:48  Stimpack, SCV  
  77  6:49  Marine  
  77  6:51  SCV  
  77  6:54  Supply Depot x2  
  80  6:55  Refinery  
  80  6:59  SCV  
  80  7:00  SCV  
  82  7:06  Siege Tank  
  85  7:13  Marine  
  86  7:19  Viking x2  
  90  7:24  Marine x4  
  90  7:29  Terran Infantry Weapons Level 1  
  94  7:34  Barracks  
  94  7:35  Barracks, Supply Depot x2  
  94  7:36  Terran Infantry Armor Level 1  
  94  7:39  Marine  
  94  7:42  Marine x4  
  94  8:00  Marine x3  
  94  8:01  Viking, Siege Tank, Marine x2  
  94  8:05  SCV x3  
  107  8:19  Viking, Marine x3  
  111  8:20  Marine  
  111  8:23  Orbital Command  
  113  8:29  Marine  
  113  8:31  Viking  
  116  8:38  Barracks Reactor  
  116  8:40  SCV x2  
  118  8:45  Armory  
  110  8:49  Combat Shield  
  110  8:52  SCV  
  109  8:55  SCV  
  109  8:56  Marine x2  
  109  8:57  Barracks Reactor, Marine x2  
  109  8:58  Siege Tank  
  113  9:04  SCV  
  113  9:07  SCV  
  115  9:10  Marine  
  115  9:11  Viking x2  
  115  9:14  Marine  
  115  9:16  SCV  
  122  9:18  Orbital Command  
  122  9:32  Sensor Tower  
  122  9:33  Missile Turret, Terran Infantry Weapons Level 2  
  122  9:34  Marine x5  
  122  9:35  Marine x3  
  130  9:40  Marine  
  130  9:44  SCV  
  130  9:45  SCV  
  133  9:58  Marine  
  133  10:16  Marine x2  
  133  10:17  SCV  
  133  10:18  Marine x2  
  133  10:19  SCV, Marine x5  
  126  10:22  Siege Tank  
  126  10:27  Viking x2  
  102  10:30  Terran Vehicle Weapons Level 1  
  102  10:32  Factory  
  102  10:34  Marine x2  
  95  10:36  Marine x4  
  95  10:37  Marine x2  
  101  10:46  Marine  
  101  10:48  Supply Depot  
  101  10:52  Marine x2  
  101  10:54  Siege Tank, Marine, Terran Infantry Armor Level 2  
  101  10:56  SCV x3  
  110  10:58  Refinery  
  110  10:59  Refinery  
  110  11:03  Marine x3  
  110  11:04  Marine x3, Medivac  
  114  11:05  Medivac  
  114  11:08  SCV  
  114  11:10  Marine x2  
  123  11:12  Marine  
  124  11:20  Command Center  
  124  11:21  Marine x4  
  124  11:22  Marine x2  
  129  11:26  Siege Tank  
  129  11:27  Factory Tech Lab  
  129  11:28  Marine x2  
  134  11:35  Marine  
  134  11:39  Marine x3  
  138  11:50  Marine x2  
  138  11:51  Marine  
  141  11:54  Marine  
  141  11:59  Siege Tank  
  141  12:01  Marine x2  
  133  12:02  Marine  
  133  12:03  Marine x2  
  133  12:08  Marine x3  
  130  12:22  Refinery  
  130  12:23  Refinery  
  130  12:24  Orbital Command  
  130  12:29  Marine x8  
  128  12:44  Orbital Command  
  128  12:52  Sensor Tower, Missile Turret  
  128  12:55  Sensor Tower  
  122  13:00  Marine x2  
  122  13:01  Marine x4  
  122  13:05  Marine x3  
  117  13:18  Marine x3  
  117  13:19  Marine x2  
  121  13:25  Terran Infantry Weapons Level 3  
  121  13:26  Marine x4  
  125  13:36  Marine, Orbital Command  
  125  13:41  Medivac  
  125  13:42  Medivac  
  129  13:52  Marine x2  
  117  14:04  Marine  
  117  14:05  Marine x5  
  117  14:07  Marine  
  117  14:09  Marine  
  97  14:10  Marine  
  91  14:22  Marine x2  
  91  14:23  Marine x3  
  96  14:30  Marine x3  
  96  14:42  Sensor Tower  
  96  14:51  Marine x2  
  96  14:52  Siege Tank x2, Orbital Command  
  104  14:53  Medivac  
  106  15:06  Marine x2  
  108  15:10  Terran Vehicle Weapons Level 2  
  108  15:12  Marine  
  108  15:13  Marine x2  
  111  15:22  Barracks Reactor  
  111  15:27  Factory, SCV x2  
  111  15:28  SCV x2  
  114  15:30  Marine x3  
  114  15:34  Marine x3  
  120  15:37  Marine x2  
  120  15:38  Siege Tank  
  125  15:44  Siege Tank  
  125  15:48  Marine x3  
  131  15:54  Marine x3  
  129  16:11  Siege Tank, Marine x3  
  121  16:16  Marine x2  
  121  16:17  Marine  
  88  16:22  Marine x2  
  88  16:23  Siege Tank, Marine x2  
  90  16:28  Marine  
  90  16:29  Marine  
  90  16:32  Orbital Command  
  86  16:43  Medivac  
  86  16:46  Orbital Command  
  75  17:21  Marine x2  
  67  17:26  Marine x2  
  67  17:27  Siege Tank, Marine x3  
  68  17:53  Marine x4  
  68  17:54  Marine  
  68  17:55  Siege Tank, Medivac x2  
  74  18:00  Siege Tank  
  75  18:11  SCV x2  
  77  18:15  Marine x5  
  77  18:18  Marine  
  83  18:23  SCV, Marine x3  
  83  18:25  Medivac  
  83  18:27  Siege Tank  
  92  18:29  Orbital Command  
  92  18:31  Marine  
  92  18:32  Marine  
  92  18:33  Marine  
  89  18:47  Marine x2  
  85  18:54  SCV x2  
  85  18:55  SCV  
  88  19:04  Marine  
  88  19:05  Marine x3  
  88  19:06  Viking x2  
  93  19:11  Marine x3  
  96  19:23  Marine x2  
  96  19:24  Marine x3  
  96  19:27  SCV x2  
  97  19:34  Marine x3  
  100  19:43  Marine x3  
  100  19:44  Marine  
  103  19:59  Marine x4  
  106  20:00  Marine  
  106  20:04  Marine  
  106  20:05  Marine x4  
  111  20:20  Marine x4  
  111  20:21  Siege Tank, Marine  
  108  20:28  Marine  
  108  20:29  Marine x3  
  108  20:31  SCV  
  113  20:50  Marine x5  
  113  20:51  Siege Tank, Marine  
  113  20:54  Viking  
Show
View Real Time Build Order
Export as new Build Order

Mez Terran 

Build Orders: Cyclone Opening 

Get SALT Encoding   

  12  0:00  SCV  
  13  0:13  SCV  
  14  0:17  Supply Depot  
  14  0:25  SCV  
  15  0:30  Refinery  
  15  0:39  SCV  
  16  0:45  Barracks  
  16  0:51  SCV  
  17  1:01  Refinery  
  17  1:03  SCV  
  18  1:15  SCV  
  19  1:32  Reaper, Orbital Command  
  20  1:38  Factory  
  20  1:46  Supply Depot  
  20  1:58  SCV  
  21  2:04  Reaper  
  22  2:10  SCV  
  23  2:23  Factory Tech Lab  
  23  2:28  Command Center  
  23  2:31  SCV  
  24  2:37  Barracks Reactor  
  24  2:42  Cyclone  
  27  2:47  Supply Depot  
  28  2:51  SCV  
  28  3:06  Starport  
  28  3:17  Cyclone, Marine  
  28  3:18  Marine  
  32  3:25  SCV  
  32  3:36  Marine x2  
  32  3:37  SCV  
  32  3:40  Orbital Command  
  35  3:44  Starport Tech Lab  
  35  3:54  Siege Tank  
  35  3:55  Marine x2  
  40  4:00  Refinery  
  40  4:01  SCV  
  41  4:09  SCV  
  42  4:12  Marine x2  
  42  4:13  Raven  
  46  4:23  SCV x2  
  48  4:35  SCV x2  
  50  4:41  Command Center  
  50  4:44  Siege Tank  
  50  4:45  Marine x2  
  52  4:49  SCV  
  53  4:55  Supply Depot  
  53  5:04  Marine  
  54  5:16  Raven, SCV x2, Marine  
  54  5:21  Siege Tank  
  62  5:35  SCV  
  62  5:36  SCV  
  53  5:47  SCV  
  53  5:48  SCV  
  52  5:51  Refinery, Barracks  
  52  5:52  Barracks x2  
  52  5:56  Barracks  
  52  5:59  SCV  
  52  6:00  SCV  
  52  6:01  Orbital Command  
  54  6:08  Raven  
  54  6:10  Siege Tank  
  59  6:12  SCV  
  60  6:22  Engineering Bay x2  
  60  6:24  SCV  
  60  6:25  SCV, Marine x2  
  64  6:30  SCV  
  65  6:37  SCV  
  66  6:48  Orbital Command  
  66  6:52  Barracks Reactor x2  
  66  6:53  Barracks Reactor x2  
  66  6:56  Siege Tank  
  66  6:58  SCV x2  
  71  7:10  SCV x2  
  71  7:16  Viking x2  
  71  7:18  Stimpack, Marine  
  71  7:19  SCV  
  77  7:27  Supply Depot x2  
  77  7:29  Supply Depot  
  77  7:30  Terran Infantry Armor Level 1, Terran Infantry Weapons Level 1  
  77  7:31  SCV x3  
  80  7:43  SCV x3  
  80  7:55  SCV x3  
  81  8:02  Viking x2  
  81  8:03  Siege Tank  
  81  8:04  Marine x3  
  91  8:07  SCV x3  
  94  8:14  Marine x5  
  94  8:19  SCV  
  100  8:20  SCV x2  
  100  8:26  Supply Depot  
  102  8:31  SCV  
  103  8:35  Marine x6, Supply Depot x2  
  109  8:49  Marine  
  109  8:54  Marine x7  
  109  8:55  Siege Tank  
  120  8:57  Viking x2  
  124  9:08  Marine x2  
  126  9:12  Marine x2  
  126  9:14  Factory, Armory  
  128  9:17  Refinery  
  128  9:18  Refinery  
  128  9:23  Marine x5  
  133  9:24  Combat Shield  
  133  9:25  Marine  
  133  9:27  Viking  
  136  9:32  Missile Turret  
  136  9:33  Missile Turret x2  
  136  9:34  Missile Turret  
  136  9:38  Missile Turret  
  136  9:40  Missile Turret, Marine x3  
  136  9:41  Missile Turret, Marine x2  
  141  9:59  Factory Tech Lab  
  141  10:18  Marine x5, Medivac x2  
  141  10:19  Marine x3  
  134  10:24  Marine  
  80  10:36  Marine x5  
  80  10:37  Marine x3  
  80  10:41  Marine  
  80  10:42  Terran Infantry Armor Level 2, Terran Infantry Weapons Level 2  
  89  10:44  Siege Tank x2  
  95  10:53  Barracks  
  95  10:54  Marine x3, Barracks  
  95  10:55  Barracks  
  98  11:03  Sensor Tower  
  98  11:09  Marine x6  
  101  11:11  Marine  
  101  11:12  Sensor Tower, Marine x2  
  101  11:16  Medivac  
  106  11:26  Marine  
  106  11:27  Marine x2  
  106  11:31  Command Center  
  109  11:38  Marine x3  
  109  11:39  Marine x3  
  115  11:44  Marine x2  
  115  11:47  Siege Tank x2, Marine x2  
  122  11:48  Marine x2  
  125  11:59  Marine  
  125  12:00  Marine  
  125  12:01  Marine x4  
  111  12:02  Marine x2  
  111  12:05  Marine x2  
  111  12:06  Marine x2  
  97  12:17  Marine  
  97  12:18  Marine x2  
  97  12:19  Marine x3  
  97  12:21  Siege Tank x2  
  97  12:22  Marine x2  
  111  12:23  Marine x2  
  111  12:29  SCV  
  111  12:30  SCV x2  
  112  12:37  Marine  
  112  12:38  Marine x3  
  112  12:42  SCV  
  117  12:54  Command Center  
  112  13:07  Marine x8  
  112  13:08  Barracks Reactor x3  
  120  13:13  Terran Infantry Weapons Level 3  
  120  13:17  Marine  
  120  13:24  Marine  
  120  13:25  Marine x2  
  122  14:05  Marine x3  
  122  14:06  Marine  
  122  14:07  Marine x3  
  122  14:08  Marine x2  
  124  14:10  Marine  
  124  14:11  Marine x3  
  124  14:17  Supply Depot x3  
  124  14:18  Supply Depot  
  124  14:19  Supply Depot x2  
  124  14:20  Marine  
  124  14:21  Marine  
  125  14:27  Marine  
  125  14:28  SCV x3  
  125  14:30  Viking  
  125  14:31  Viking  
  120  14:51  Siege Tank x2  
  120  14:52  Marine x10  
  136  14:55  Missile Turret  
  136  15:00  SCV x3  
  136  15:01  Missile Turret  
  139  15:12  SCV  
  140  15:23  Marine x8  
  140  15:26  Marine  
  140  15:27  Marine x4  
  140  15:28  Siege Tank  
  156  15:30  Planetary Fortress  
  156  15:32  SCV  
  157  16:00  Marine  
  157  16:01  Marine x5  
  157  16:03  Siege Tank  
  156  16:04  Marine x7  
  156  16:05  Marine  
  151  16:13  Marine  
  136  16:18  Marine  
  136  16:19  Marine x5  
  136  16:22  Marine x3  
  115  16:30  Marine  
  96  16:36  Marine x2  
  90  16:40  Marine  
  83  16:54  Barracks x3  
  83  16:55  Barracks  
  66  17:59  Supply Depot  
  66  18:00  Supply Depot  
  66  18:02  Supply Depot x3  
  66  18:05  Supply Depot  
  66  18:06  Supply Depot  
  66  18:15  Barracks Reactor x7  
  66  18:23  SCV x3  
  66  18:26  Factory  
  69  18:27  Factory  
  69  18:35  SCV x3  
  71  18:53  Marine x6  
  77  19:04  SCV x3  
  80  19:11  Marine x3  
  80  19:16  SCV  
  81  19:26  Marine x4  
  81  19:28  Marine  
  86  19:51  Factory Tech Lab x2  
  59  20:34  Supply Depot  
  59  20:35  Supply Depot  
  59  20:36  Supply Depot  
  59  20:37  Supply Depot  
  59  20:58  Marine x3  
Tags
 
Add a new tag
Caveats
  • Supply blocks, unpowered buildings, or Contaminate may cause inaccurate times.
  • Supply counts are checked every 10 seconds.